 Dungeon Crawl Stone Soup version 0.29.0-4-gdea44cf6ec (webtiles) character file.

Game seed: 8825367628266155484

76 qw the Chopper (level 4, -1/36 HPs)
             Began as a Barachi Chaos Knight on Sept 4, 2022.
             Succumbed to a chaos spawn's poison
             ... on level 2 of the Dungeon.
             The game lasted 00:00:57 (1781 turns).

qw the Chopper (Barachi Chaos Knight)               Turns: 1781, Time: 00:00:57

Health: -1/36      AC:  7    Str: 15    XL:     4   Next: 32%
Magic:  4/4        EV: 11    Int: 12    God:
Gold:   85         SH:  3    Dex: 12    Spells: 3/3 levels left

rFire   . . .      SeeInvis .   Y - +0 hand axe (chaos)
rCold   . . .      Faith    .   h - +0 buckler
rNeg    . . .      Spirit   .   b - +2 leather armour
rPois   .          Reflect  .   j - +2 hat
rElec   .          Harm     .   (no cloak)
rCorr   .          Rampage  .   (no gloves)
Will    .....                   (no boots)
Stlth   +.........              (no amulet)
HPRegen 0.12/turn               (no ring)
MPRegen 0.09/turn               (no ring)

@: lethally poisoned (-1 -> -20), slow
A: amphibious, slowness 1, strong legs 1, +LOS
a: Hop


You were on level 2 of the Dungeon.
You visited 1 branch of the dungeon, and saw 2 of its levels.

You collected 85 gold pieces.


Innate Abilities, Weirdness & Mutations

You are amphibious.
You cover ground slowly.
You can hop short distances.
You have an extended range of vision and can be seen from far away.


   Skills:
 - Level 3.6 Fighting
 + Level 5.2 Axes
 - Level 2.4 Armour
 - Level 1.1 Dodging
 - Level 1.2 Shields


You had 3 spell levels left.
You didn't know any spells.
Your spell library was empty.

Inventory:

Hand Weapons
 d - a +0 morningstar
 Y - a +0 hand axe of chaos (weapon)
Armour
 b - a +2 leather armour (worn)
 g - a +1 pair of boots
 h - a +0 buckler (worn)
 j - a +2 hat (worn)
Potions
 a - 2 potions of berserk rage {unknown}
 e - 3 potions of curing
 f - a potion of ambrosia {unknown}
 i - a potion of haste
Miscellaneous
 c - a piece from Xom's chessboard (15/15)

Dungeon Overview and Level Annotations

Branches:
Dungeon (2/15)

Altars:

Shops:
D:1 [:


Message History

The chaos spawn draws strength from your injuries!
You closely miss the shadow imp.
The shadow imp is almost dead.
You miss the quasit. You hit the quasit but do no damage.
The quasit suddenly seems more agile.
You barely miss the shadow imp. You hit the white imp. You burn the white imp.
You barely miss the iron imp. You closely miss the chaos spawn.
The quasit completely misses you. The quasit closely misses you.
The quasit claws you but does no damage.
The quasit bites you but does no damage.
The quasit barely misses you. x2
The iron imp disappears for a moment.
The iron imp hits you but does no damage.
The chaos spawn closely misses you.
The shadow imp summons a swarm of flies.
The crimson imp shouts, "Quit, thou paunchy hasty-witted lout!"
You hit the shadow imp. You burn the shadow imp.
You kill the shadow imp!
The shadow imp disappears in a puff of smoke!
You miss the quasit. You closely miss the quasit. You barely miss the iron imp.
You hit the iron imp but do no damage. You hit the iron imp.
The iron imp convulses.
You barely miss the chaos spawn. You hit the ufetubus.
The ufetubus is poisoned.
The quasit closely misses you.
The quasit claws you but does no damage.
The quasit closely misses you. You block the quasit's attack. x2
The quasit claws you but does no damage.
The ufetubus hits you. The ufetubus misses you. The iron imp hits you.
The shadow imp lashes its tail.
The chaos spawn gores you!
You are lethally poisoned!
The chaos spawn poisons you! The quasit closely misses you.
The quasit claws you. x2
You slash the ufetubus!
You kill the ufetubus!
The ufetubus disappears in a puff of smoke!
You barely miss the quasit. You hit the hellwing but do no damage.
You hit the iron imp. You completely miss the iron imp. x2
You hit the chaos spawn.
The chaos spawn convulses.
You die...

####.###............ ..
...........<........ .
########..)..#####.#.#
####..#### #.# #..##..
#..# #..##.##.#.###
#..##.55.....###
#..##455........
#####..##¤@5g......#
#######...#..##¤455......#
........#)......553.....##
.######...................
.# ##...............#.# .#
#..........#.#..... .#
#.................. .#
#............####.# .#
#..........###


You could see a hellwing (summoned), a neqoxec (summoned), a chaos spawn
(summoned, strong), 3 iron imps, 2 quasits, a crimson imp (summoned), a white
imp (summoned), 2 shadow imps and a goblin.

Vanquished Creatures
  3 adders (D:2)
  A dart slug (D:1)
  5 ball pythons
  5 bats
  4 endoplasms
  2 giant cockroaches
  4 quokkas
  A frilled lizard (D:2)
  10 goblins
  2 kobolds
  6 rats
43 creatures vanquished.

Vanquished Creatures (others)
  3 plants (D:1)
3 creatures vanquished.

Grand Total: 46 creatures vanquished

Notes
Turn   | Place    | Note
-------+----------+-------------------------------------------
     0 | D:1      | qw the Barachi Chaos Knight began the quest for the Orb.
     0 | D:1      | Reached XP level 1. HP: 18/18 MP: 1/1
     0 | D:1      | 0 ||| qw: Version: 0.1-a-103-gd6f5d3a
     0 | D:1      | 0 ||| qw: Game counter: 5627
     0 | D:1      | 0 ||| qw: Always use a shield: true
     0 | D:1      | 0 ||| qw: God list: Okawaru
     0 | D:1      | 0 ||| qw: Allow faded altars: false
     0 | D:1      | 0 ||| qw: Do Orc after D:15 true
     0 | D:1      | 0 ||| qw: Do second Lair branch before Depths: true
     0 | D:1      | 0 ||| qw: Lair rune preference: random
     0 | D:1      | 0 ||| qw: Plans: Normal
     0 | D:1      | 0 ||| PLANNING D:1-11
     0 | D:1      | Fell from the grace of Xom
   170 | D:1      | 170 ||| Stepping ~*~*~tactically~*~*~ (stealth).
   175 | D:1      | 175 ||| Stepping ~*~*~tactically~*~*~ (stealth).
   177 | D:1      | 177 ||| Stepping ~*~*~tactically~*~*~ (stealth).
   196 | D:1      | Reached XP level 2. HP: 20/24 MP: 2/2
   248 | D:1      | Found Seng's Antique Armour Boutique.
   251 | D:1      | 251 ||| SHOPLISTING glowing robe (88 gold, have 0).
   251 | D:1      | 251 ||| SHOPLISTING glowing scarf (192 gold, have 0).
   251 | D:1      | 251 ||| SHOPLISTING kite shield (108 gold, have 0).
   251 | D:1      | 251 ||| SHOPLISTING polished scale mail (216 gold, have 0).
   251 | D:1      | 251 ||| SHOPLISTING ring mail (96 gold, have 0).
   251 | D:1      | 251 ||| SHOPLISTING smoking scale mail (216 gold, have 0).
   267 | D:1      | Reached skill level 4 in Axes
   267 | D:1      | Found Okuurap's Vocational Training.
   502 | D:1      | 502 ||| Stepping ~*~*~tactically~*~*~ (hiding).
   577 | D:1      | Found a faded altar of an unknown god.
   754 | D:1      | Reached XP level 3. HP: 25/29 MP: 3/3
   976 | D:1      | 976 ||| Stepping ~*~*~tactically~*~*~ (stealth).
   986 | D:1      | 986 ||| Stepping ~*~*~tactically~*~*~ (stealth).
  1193 | D:1      | 1193 ||| UPGRADING to +0 buckler.
  1198 | D:1      | 1198 ||| UPGRADING to +2 hat.
  1203 | D:1      | 1203 ||| READING scroll labelled JEOS LUOTAKHU.
  1204 | D:1      | 1204 ||| DRINKING 3 white potions.
  1205 | D:1      | 1205 ||| DRINKING 2 pink potions.
  1256 | D:2      | 1256 ||| Stepping ~*~*~tactically~*~*~ (stealth).
  1313 | D:2      | 1313 ||| Stepping ~*~*~tactically~*~*~ (stealth).
  1326 | D:2      | Reached skill level 1 in Shields
  1362 | D:2      | 1362 ||| FLEEEEING.
  1363 | D:2      | 1363 ||| FLEEEEING.
  1364 | D:2      | 1364 ||| FLEEEEING.
  1365 | D:2      | 1365 ||| FLEEEEING.
  1368 | D:2      | 1368 ||| FLEEEEING.
  1369 | D:2      | 1369 ||| FLEEEEING.
  1370 | D:2      | 1370 ||| FLEEEEING.
  1371 | D:2      | 1371 ||| FLEEEEING.
  1372 | D:2      | 1372 ||| FLEEEEING.
  1373 | D:2      | 1373 ||| FLEEEEING.
  1374 | D:2      | 1374 ||| FLEEEEING.
  1376 | D:2      | 1376 ||| STAIRDANCE
  1532 | D:2      | 1532 ||| Stepping ~*~*~tactically~*~*~ (stealth).
  1558 | D:2      | Reached skill level 5 in Axes
  1558 | D:2      | Reached XP level 4. HP: 33/36 MP: 4/4
  1738 | D:2      | 1738 ||| Stepping ~*~*~tactically~*~*~ (stealth).
  1740 | D:2      | 1740 ||| Stepping ~*~*~tactically~*~*~ (stealth).
  1749 | D:2      | 1749 ||| Stepping ~*~*~tactically~*~*~ (stealth).
  1775 | D:2      | 1775 ||| Stepping ~*~*~tactically~*~*~ (stealth).
  1776 | D:2      | XOM: summons 14 hostile demons
  1777 | D:2      | Noticed a neqoxec
  1777 | D:2      | Noticed a chaos spawn
  1777 | D:2      | Noticed a hellwing
  1780 | D:2      | HP: 6/36 [chaos spawn[Xom] (16)]
  1781 | D:2      | Succumbed to a chaos spawn's poison

Levels and vault maps discovered:
D:1:      nzn_arrival_crosshair, layout_basic, chequers_ecumenical_altar_lobes,
          serial_shops, nicolae_shop_behind_doors, nicolae_shop_vocational
D:2:      layout_loops_ring

Skill      XL: |  1  2  3 |
---------------+----------+-----
Axes           | 4 5 |  5.2
Shields        | 1 |  1.2
Fighting       | |  3.6
Armour         | |  2.4
Dodging        | |  1.1

Action                   |  1- 3 |  4- 6 || total
-------------------------+-------+-------++-------
Melee: Hand axe          |   118 |    24 ||   142
Invok: Renounce Religion |     1 |       ||     1
  Use: Potion            |     2 |       ||     2
       Scroll            |     1 |       ||     1
Armor: Leather armour    |    32 |    14 ||    46
Dodge: Dodged            |    63 |    14 ||    77
Block: Buckler           |     5 |     5 ||    10

Table legend:
 A = Non-vault XP
 B = Vault XP
 C = Vault XP percentage of total XP
 D = Non-vault monster count
 E = Vault monster count
 F = Vault count percentage of total count
                 A         B        C        D         E       F
            +---------+---------+-------+---------+---------+-------
      Total |     109 |       0 |   0.0 |      43 |       0 |   0.0
            +---------+---------+-------+---------+---------+-------
        D:1 |      42 |       0 |   0.0 |      24 |       0 |   0.0
        D:2 |      67 |       0 |   0.0 |      19 |       0 |   0.0
            +---------+---------+-------+---------+---------+-------
